 Dungeon Crawl Stone Soup version 0.30-a0-715-gdb4ae3ece1 (webtiles) character file.

Game seed: 14020860668213199512

165 kae the Changer (level 5, -5/37 HPs)
             Began as a Demonspawn Transmuter on Jan 24, 2023.
             Slain by an orc
             ... wielding a +0 flail
              (9 damage)
             ... on level 6 of the Dungeon.
             The game lasted 00:04:11 (2460 turns).

kae the Changer (Demonspawn Transmuter)             Turns: 2460, Time: 00:04:11

Health: -5/37      AC:  2    Str: 10    XL:     5   Next: 22%
Magic:  8/9        EV: 12    Int: 16    God:
Gold:   79         SH:  0    Dex: 16    Spells: 3/9 levels left

rFire   . . .      SeeInvis .    h - +2 whip (freeze)
rCold   . . .      Faith    .    (no shield)
rNeg    . . .      Spirit   .    a - +0 robe
rPois   .          Reflect  .    (helmet currently unavailable)
rElec   .          Harm     .    (no cloak)
rCorr   .          Rampage  .    (no gloves)
Will    .....                    (boots currently unavailable)
Stlth   ++                       (no amulet)
HPRegen 0.26/turn                (no ring)
MPRegen 0.11/turn                (no ring)

@: appendages, wereblooded
A: talons 2, antennae 1, thin skeletal structure 1
a: End Transformation


You were on level 6 of the Dungeon.
You had temporarily grown beastly talons.
You visited 1 branch of the dungeon, and saw 4 of its levels.

You collected 101 gold pieces.
You spent 22 gold pieces at shops.


Innate Abilities, Weirdness & Mutations

You have temporarily grown beastly talons.
You have a pair of small antennae on your head.
You have a somewhat thin skeletal structure. (Dex +2, Stealth+)


   Skills:
 - Level 1.0 Fighting
 - Level 1.7 Dodging
 + Level 3.4 Unarmed Combat
 + Level 2.9 Spellcasting
 * Level 3.5 Transmutations
 + Level 1.4 Poison Magic


You had 3 spell levels left.
You knew the following spells:

 Your Spells              Type           Power      Damage    Failure   Level
a - Beastly Appendage     Tmut           26%        N/A       4%          1
b - Wereblood             Tmut           13%        N/A       7%          2
c - Spider Form           Tmut/Pois      10%        N/A       21%         3

Your spell library contained the following spells:

 Spells                   Type           Power      Damage    Failure   Level
 Kiss of Death            Conj/Necr      8%         2d6       19%         1
 Ignite Poison            Fire/Tmut/Pois 7%         N/A       28%         3
 Inner Flame              Hex/Fire       2%         N/A       50%         3
 Kindle Blastsparks       Fire/Tloc/Air  4%         2d10      50%         3
 Ice Form                 Ice/Tmut       8%         N/A       65%         4
 Cause Fear               Hex            1%         N/A       88%         4
 Freezing Cloud           Conj/Ice/Air   1%         6-21      99%         5
 Discord                  Hex            1%         N/A       100%        8

Inventory:

Hand Weapons
 h - a +2 whip of freezing (weapon)
   (You took it off a kobold on level 2 of the Dungeon)
Missiles
 c - 47 stones
 f - 14 poisoned darts
Armour
 a - a +0 robe (worn)
 k - a +0 pair of boots (melded)
   (You found it on level 2 of the Dungeon)
Jewellery
 W - a ring of magical power
   (You found it on level 3 of the Dungeon)
Scrolls
 l - a scroll of poison {!r}
 o - a scroll of immolation {unknown}
 q - 2 scrolls of fog {unknown}
 r - a scroll of acquirement {unknown}
Potions
 b - a potion of lignification {!q}
 d - 2 potions of mutation {unknown}
 e - 3 potions of attraction {unknown}
 g - a potion of haste {unknown}
 i - 2 potions of flight {unknown}
 j - 2 potions of brilliance {unknown}
 m - 2 potions of curing {unknown}
 n - a potion of might
 p - a potion of invisibility {unknown}

Dungeon Overview and Level Annotations

Branches:
Dungeon (3/15) Zot: 21532

Altars:
Ashenzari
Xom

Shops:
D:2 *

Annotations:
D:3 3 runed translucent doors, Stoves66's ghost, amateur DECj

^#. #.# #.# #.#
#.# ####.#
##.##.#
####.....#####.##
+.......o@ooo....
####....######...
##.#.#
####.######
#..[......# #+#
#.##.####.# #.#
#.##..# ##.#####
#.###.# .......#
#.# #.# ..


You could see an orc wizard and 3 orcs.


Message History

Your primal bloodlust is almost over. 😮 MP[+1] 😮 HP[+1]
You start resting.
Your primal bloodlust has ended. 😮 HP[+1]
You start resting. 😮 MP[+1]
Your mp is fully restored (9).
Okay, then.
Items here: )) [[ †.
You now have 79 gold pieces (gained 4).
Items here: ))) [ ††.
You hear the slow hiss of a very distant avalanche of sand.
An orc wizard comes into view. It is wielding a +0 dagger.
The orc wizard shouts!
An orc comes into view. It is wielding a +0 war axe. 😎 HP[+13]
Your hp is fully restored (37).
An orc comes into view. It is wielding a +0 flail. x2
Casting: Wereblood (safe; 7% risk of failure)
Confirm with . or Enter, or press ? or * to list all spells.
Your feet morph into talons.
Your +0 pair of boots melds into your body.
The orc shouts! x3
The orc wizard points at you and mumbles some strange words.
The puff of flame hits you! 😮 HP[-13] MP[-1]
You take 13 damage, and now have 24/37 hp.
MASSIVE DAMAGE!! (PAUSE)
You lost 1 mp, and now have 8/9 mp.
Casting: Beastly Appendage (safe; 4% risk of failure)
Confirm with . or Enter, or press ? or * to list all spells.
Your blood is infused with primal strength. 😮 MP[-2]
You lost 2 mp, and now have 6/9 mp.
You hit the orc wizard but do no damage.
Your kick misses the orc wizard.
The orc wizard hits you with a +0 dagger. 😮 HP[-2]
You take 2 damage, and now have 22/37 hp.
You are too injured to fight recklessly!
You are too injured to fight recklessly!
You hit the orc wizard. You freeze the orc wizard. You claw the orc wizard.
The orc wizard barely misses you. 😮 HP[+1]
You are too injured to fight recklessly!
You are too injured to fight recklessly!
You closely miss the orc wizard. The orc wizard closely misses you.
You are too injured to fight recklessly!
You are too injured to fight recklessly!
You barely miss the orc wizard. Your kick misses the orc wizard.
The orc wizard barely misses you.
You are too injured to fight recklessly!
You are too injured to fight recklessly!
You barely miss the orc wizard. The orc wizard casts a spell at you.
You are confused. 😮 HP[+1] MP[+1]
You bump into the rock wall.
The orc wizard closely misses you.
You closely miss the orc wizard.
The orc wizard points at you and mumbles some strange words.
You resist with some effort.
Unknown command.
You barely miss the orc wizard. Your kick misses the orc wizard.
Your punch misses the orc wizard.
The orc wizard hits you with a +0 dagger. 😮 HP[-2]
You take 2 damage, and now have 22/37 hp.
Unknown command.
You're too confused to move!
The orc wizard barely misses you. 😮 HP[+1] Unknown command.
You closely miss the orc wizard. Your kick misses the orc wizard.
You feel less confused.
Unknown command.
The orc hits you with a +0 flail!
* * * LOW HITPOINT WARNING * * *
The orc wizard points at you and mumbles some strange words.
The puff of flame hits you.
* * * LOW HITPOINT WARNING * * *
Unknown command. 😱 HP[-15]
You take 15 damage, and now have 8/37 hp.
MASSIVE DAMAGE!! (PAUSE)
You barely miss the orc wizard. Your punch misses the orc wizard.
The orc closely misses you.
The orc wizard hits you but does no damage.
The orc hits you with a +0 flail.
* * * LOW HITPOINT WARNING * * *
The orc wizard hits you but does no damage. 😱 HP[-4]
You take 4 damage, and now have 4/37 hp.
Unknown command.
You hit the orc wizard but do no damage.
You claw the orc wizard, but do no damage.
You hear the slow hiss of a distant avalanche of sand.
The orc hits you with a +0 flail!
You die...

Skill      XL: |  1  2  3  4 |
---------------+-------------+-----
Transmutations | 2 3 |  3.5
Unarmed Combat | 3 |  3.4
Poison Magic   | 1 |  1.4
Fighting       | |  1.0
Dodging        | |  1.7
Spellcasting   | |  2.9

Action                     |  1- 3 |  4- 6 || total
---------------------------+-------+-------++-------
  Melee: Unarmed           |    94 |     5 ||    99
         Kick              |    23 |     9 ||    32
         Headbutt          |     2 |       ||     2
         Punch             |     2 |       ||     2
         Whip              |    18 |    57 ||    75
   Cast: Beastly Appendage |    27 |     8 ||    35
         Spider Form       |     1 |     1 ||     2
         Wereblood         |       |     3 ||     3
    Use: Scroll            |     3 |       ||     3
   Stab: Sleeping          |     2 |       ||     2
 Armour: Robe              |    14 |    14 ||    28
  Dodge: Dodged            |    72 |    51 ||   123

Levels and vault maps discovered:
D:1:      dpeg_arrival_three_same_balls, layout_basic
D:2:      layout_basic, shapermc_ecumenical_altar_rom_forum, serial_shops, shop,
          grunt_ministairs_14, minmay_curled_crystal
D:3:      layout_basic, mainiacjoe_overflow_tiny_flanked,
          ashenzari_conservatory_becter, gammafunk_ghost_split, uniq_natasha
D:6:      layout_loops_corners, lemuel_blue_sif_altar,
          chequers_ossuary_entry_cave

Notes
Turn   | Place    | Note
-------+----------+-------------------------------------------
     0 | D:1      | kae the Demonspawn Transmuter began the quest for the Orb.
     0 | D:1      | Reached XP level 1. HP: 15/15 MP: 3/3
     0 | D:1      | magus.rc [v1.11.3]
   130 | D:1      | Reached skill level 2 in Transmutations
   221 | D:1      | Lost mutation: You have a pair of horns on your head.
                  | [demonic ancestry]
   221 | D:1      | Lost mutation: You have a pair of small horns on your head.
                  | [demonic ancestry]
   221 | D:1      | Gained mutation: You have a pair of small antennae on your
                  | head. [demonic ancestry]
   221 | D:1      | Reached XP level 2. HP: 20/21 MP: 3/5
   591 | D:1      | magus.rc [v1.11.3]
   632 | D:1      | Reached skill level 3 in Unarmed Combat
   715 | D:2      | magus.rc [v1.11.3]
   726 | D:2      | You add the spells Kindle Blastsparks, Ignite Poison and
                  | Freezing Cloud to your library.
   781 | D:2      | Reached XP level 3. HP: 26/26 MP: 4/6
   784 | D:2      | Learned a level 2 spell: Wereblood
   788 | D:2      | Learned a level 3 spell: Spider Form
   799 | D:2      | Found Bucves's Assorted Antiques.
   807 | D:2      | Bought a sedimented inky potion for 22 gold pieces
   816 | D:2      | Found a faded altar of an unknown god.
   838 | D:2      | Got Plato's Papyrus of Iniquitous Arts
  1126 | D:2      | HP: 5/26 [kobold/+2 whip of freezing (5)]
  1127 | D:2      | HP: 2/26 [kobold/+2 whip of freezing (2)]
  1802 | D:3      | Noticed Stoves66's ghost (amateur DECj)
  1851 | D:3      | Reached skill level 3 in Transmutations
  1851 | D:3      | Gained mutation: You have a somewhat thin skeletal
                  | structure. (Dex +2, Stealth+) [demonic ancestry]
  1851 | D:3      | Reached XP level 4. HP: 25/32 MP: 3/7
  1985 | D:3      | Found a shimmering altar of Xom.
  2019 | D:3      | Noticed Natasha
  2066 | D:3      | Killed Natasha
  2067 | D:3      | Reached skill level 1 in Poison Magic
  2169 | D:3      | Found a runed translucent gate.
  2170 | D:3      | Found a runed translucent gate.
  2170 | D:3      | Found a runed translucent gate.
  2207 | D:3      | Found a broken altar of Ashenzari.
  2286 | D:3      | You pick up a book of Hexes and begin reading...
  2286 | D:3      | You add the spells Inner Flame, Cause Fear and Discord to
                  | your library.
  2311 | D:3      | You fall into a shaft and drop 3 floors!
  2363 | D:6      | Reached XP level 5. HP: 17/37 MP: 7/9
  2458 | D:6      | HP: 8/37 [orc wizard/puff of flame (6)]
  2460 | D:6      | Slain by an orc

Vanquished Creatures
  2 orc priests
  Natasha (D:3)
  An adder (D:3)
  A worm (D:2)
  A dart slug (D:2)
  6 orcs
  8 ball pythons
  6 endoplasms
  2 giant cockroaches (D:1)
  4 goblins
  10 hobgoblins
  4 quokkas
  5 bats
  5 frilled lizards
  3 kobolds
  3 rats
62 creatures vanquished.

Table legend:
 A = Non-vault XP
 B = Vault XP
 C = Vault XP percentage of total XP
 D = Non-vault monster count
 E = Vault monster count
 F = Vault count percentage of total count
                 A         B        C        D         E       F
            +---------+---------+-------+---------+---------+-------
      Total |     200 |      37 |  15.6 |      59 |       3 |   4.8
            +---------+---------+-------+---------+---------+-------
        D:1 |      37 |       0 |   0.0 |      21 |       0 |   0.0
        D:2 |      21 |       2 |   8.7 |      10 |       2 |  16.7
        D:3 |      90 |      35 |  28.0 |      23 |       1 |   4.2
        D:6 |      52 |       0 |   0.0 |       5 |       0 |   0.0
            +---------+---------+-------+---------+---------+-------

Illustrated notes

Table legend:
 A = Kills in this place as a percentage of kills in entire the game.
 B = Kills by you in this place as a percentage of kills by you in the entire game.
 C = Kills by friends in this place as a percentage of kills by friends in the entire game.
 D = Other kills in this place as a percentage of other kills in the entire game.
 E = Experience gained in this place as a percentage of experience gained in the entire game.
 F = Experience gained in this place divided by the number of levels of this place that you have seen.
                   A       B       C       D       E      F
               +-------+-------+-------+-------+-------+----------------------
         Total | 100.0 | 100.0 |   N/A |   N/A | 100.0 |  59.2
       Dungeon | 100.0 | 100.0 |   N/A |   N/A | 100.0 |  59.2
               +-------+-------+-------+-------+-------+----------------------

Table legend: (Time is in decaauts)
 A = Elapsed time spent in this place.
 B = Non-inter-level travel time spent in this place.
 C = Inter-level travel time spent in this place.
 D = Time resting spent in this place.
 E = Time spent auto-exploring this place.
 F = Levels seen in this place.
 G = Mean time per level.
                   A        B        C        D        E       F      G
               +--------+--------+--------+--------+--------+-----+--------+
         Total |   2466 |   2392 |     74 |    139 |   1705 |   4 |  616.5 |
       Dungeon |   2466 |   2392 |     74 |    139 |   1705 |   4 |  616.5 |
               +--------+--------+--------+--------+--------+-----+--------+

Top non-repeatable levels by time:
     D:2: 1084 daAuts
     D:1: 710 daAuts
     D:3: 521 daAuts
     D:6: 150 daAuts
